 Dungeon Crawl Stone Soup version 0.31.0-11-ge490571c62 (webtiles) character file.

Game seed: 1128637892542405536

34 shadizar the Digger (level 3, -1/20 HPs)
             Began as a Gargoyle Earth Elementalist on Jan 26, 2024.
             Slain by a hobgoblin
             ... wielding the +4 hand axe of Compassion {freeze, rElec Str+4 Stlth-}
              (3 damage)
             ... on level 2 of the Dungeon.
             The game lasted 00:01:11 (944 turns).

shadizar the Digger (Gargoyle Earth Elementalist)    Turns: 944, Time: 00:01:12

Health: -1/20      AC:  5    Str: 11    XL:     3   Next: 31%
Magic:  1/6        EV: 11    Int: 17    God:
Gold:   22         SH:  0    Dex: 10    Spells: 5/6 levels left

rFire   . . .        d - staff of death
rCold   . . .        (no shield)
rNeg    + + .        a - +0 robe
rPois   ∞            (no helmet)
rElec   +            (no cloak)
rCorr   .            (no gloves)
SInv    .            (no boots)
Will    .....        (no amulet)
Stlth   ++           (no ring)
HPRegen 0.23/turn    (no ring)
MPRegen 0.10/turn

%: no passive effects
@: no status effects
A: sickness immunity, AC +3, negative energy resistance 1, electricity
resistance, torment resistance 1, petrification resistance
a: no special abilities


You were on level 2 of the Dungeon.
You visited 1 branch of the dungeon, and saw 2 of its levels.

You collected 22 gold pieces.

Inventory:

Hand Weapons
 c - a +0 short sword
Armour
 a - a +0 robe (worn)
Magical Staves
 d - a staff of death (weapon)
 f - a staff of cold
Potions
 b - a potion of magic
 e - a potion of mutation {unknown}


   Skills:
 + Level 1.2 Fighting
 - Level 1.5 Dodging
 - Level 2.1 Stealth
 + Level 2.4 Spellcasting
 + Level 1.9 Conjurations
 + Level 4.0 Earth Magic


You had 5 spell levels left.
You knew the following spells:

 Your Spells              Type           Power      Damage    Failure   Level
a - Sandblast             Erth           30%        2d9       3%          1

Your spell library contained the following spells:

 Spells                   Type           Power      Damage    Failure   Level
 Passwall                 Erth           15%        N/A       11%         3
 Stone Arrow              Conj/Erth      24%        3d8       16%         3
 Brom's Barrelling Bould  Conj/Erth      12%        2d4       47%         4
 Petrify                  Alch/Erth      9%         N/A       63%         4


Dungeon Overview and Level Annotations

Branches:
Dungeon (2/15)

Altars:


Innate Abilities, Weirdness & Mutations

You are immune to sickness and miasma.
Your stone body is resilient. (AC +3)
You are immune to poison.
You resist negative energy. (rN+)
You are resistant to electric shocks. (rElec)
You are resistant to unholy torment.
You are immune to petrification.


Message History

A goblin is nearby! 3 goblins come into view.
Found a hand axe.
The goblin shouts! x2
A goblin comes into view. It is wielding a +0 dagger. x2
The goblin shouts! x2
The goblin unwields a +0 club.
The goblin wields a +3 sling.
The goblin shoots a sling bullet.
The sling bullet closely misses you.
The goblin shouts!
You hear a shout!
Found an emerald potion.
The goblin shouts!
A hobgoblin comes into view.
It is wielding the +4 hand axe of Compassion {freeze, rElec Str+4 Stlth-}.
The goblin shoots a sling bullet.
The sling bullet barely misses you.
The blast of sand hits the goblin!
You kill the goblin!
The blast of sand hits the goblin!
You kill the goblin!
The goblin shoots a sling bullet.
The sling bullet barely misses you.
The goblin shoots a sling bullet.
The sling bullet hits you but does no damage.
The blast of sand hits the goblin!
You kill the goblin!
The blast of sand hits the goblin!
You kill the goblin!
The goblin hits you but does no damage. The hobgoblin barely misses you.
The goblin hits you with a +0 dagger.
The blast of sand hits the goblin!
You kill the goblin!
The goblin barely misses you. The hobgoblin closely misses you.
The blast of sand hits the goblin!
You kill the goblin!
The hobgoblin hits you with the +4 hand axe of Compassion {freeze, rElec Str+4 Stlth-}.
The hobgoblin freezes you.
The hobgoblin hits you with the +4 hand axe of Compassion {freeze, rElec Str+4 Stlth-}.
The hobgoblin freezes you.
You closely miss the hobgoblin.
The hobgoblin hits you with the +4 hand axe of Compassion {freeze, rElec Str+4 Stlth-}.
* * * LOW HITPOINT WARNING * * *
The hobgoblin freezes you.
You die...

. #.# . #!.
.##.####### ....8.8)8.
# #.........
#.#.?.......
##.#.()......
#....@)).....
#.#>..g......
#.#..8.8.8. ######
#.#...###########.....
#.................####
###################


You could see a hobgoblin.

Vanquished Creatures
  An adder (D:2)
  3 bats (D:1)
  2 endoplasms
  A giant cockroach (D:1)
  7 goblins
  A hobgoblin (D:1)
  A kobold (D:1)
  A ball python (D:1)
  A frilled lizard (D:1)
  6 rats
24 creatures vanquished.

Notes
Turn   | Place    | Note
-------+----------+-------------------------------------------
     0 | D:1      | shadizar the Gargoyle Earth Elementalist began the quest
                  | for the Orb.
     0 | D:1      | Reached XP level 1. HP: 10/10 MP: 3/3
   135 | D:1      | Reached XP level 2. HP: 16/16 MP: 1/5
   584 | D:1      | You fall into a shaft and drop 1 floor!
   831 | D:2      | Reached skill level 1 in Fighting
   831 | D:2      | Reached skill level 4 in Earth Magic
   831 | D:2      | Reached XP level 3. HP: 20/20 MP: 1/6
   936 | D:2      | Identified the +4 hand axe of Compassion {freeze, rElec
                  | Str+4 Stlth-}
   944 | D:2      | Slain by a hobgoblin

Illustrated notes

Levels and vault maps discovered:
D:1:      sevenhm_arrival_forest_fort_large_3, layout_basic,
          serial_co_window_serial, co_window_corner_a, co_window_paths_a,
          co_window_paths_a, co_window_of_opportunity_a, co_window_paths_a,
          co_window_broadway_a, co_window_corner_ca, co_window_unsneaky_path_c,
          co_window_corner_ca, co_window_corner_b, co_window_paths_d,
          glass_columns_c
D:2:      kennysheep_the_goblin_king, layout_basic, minmay_tree_intersection,
          chequers_serial_rivers_micro_c, uniq_crazy_yiuf_cottage

Skill      XL: |  1  2 |
---------------+-------+-----
Fighting       | 1 |  1.2
Earth Magic    | 4 |  4.0
Dodging        | |  1.5
Stealth        | |  2.1
Spellcasting   | |  2.4
Conjurations   | |  1.9

Action                     || total
---------------------------++-------
  Melee: Unarmed           ||     7
         Staff             ||     2
   Cast: Sandblast         ||    30
 Armour: Robe              ||    13
  Dodge: Dodged            ||    14
